AoeStats
← gilabertantonio17

Black Forest

507803716Analyzed
2v2 RM · 12d ago on Sep 19, 2026· 72m 37s· 4 players
Game mode
Random Map
Map size
Medium (4 player)
Population
200
Speed
Normal
Resources
Standard
Victory
Conquest
Starting age
Dark Age
Ending age
Imperial Age
RankedLock teamsTeams togetherTeam positionsShared explorationLock speedFull tech treeHidden civsTurbo modeCheats
Victory
Defeat
🇨🇷 Mongols · Costa Rica
795
+15
🇩🇪 Inca · Germany
788
+15
🇪🇸 Spanish · Spain
795
-16
🇪🇸 Spanish · Spain
750
-14
gilabertantonio17
12:51 Feudal Age
17:04 Castle Age
18:42 Wheelbarrow
17:58 Double-Bit Axe
18:14 Horse Collar
23:09 Fortified Wall
23:54 Heavy Plow
24:46 Hand Cart
24:17 Town Watch
24:58 Bow Saw
28:35 Gold Mining
28:36 Stone Mining
28:49 Scale Mail Armor
29:00 Forging
29:16 Ballistics
29:29 Town Patrol
31:07 Husbandry
31:10 Squires
31:14 Arson
31:20 Pikeman
33:45 Caravan
34:39 Scale Barding Armor
39:57 Imperial Age
38:30 Chain Barding Armor
38:25 Chain Mail Armor
38:43 Elite Skirmisher
39:26 Padded Archer Armor
39:17 Fletching
41:05 Cavalier
42:13 Conscription
42:42 Leather Archer Armor
42:23 Bodkin Arrow
45:34 Ring Archer Armor
45:05 Bracer
45:36 Plate Mail Armor
46:19 Chemistry
46:32 Paladin
64:45 Thumb Ring
oomorfeoo
0:41 Loom
13:19 Feudal Age
13:59 Double-Bit Axe
13:59 Horse Collar
18:46 Wheelbarrow
21:22 Castle Age
19:38 Stone Mining
22:44 Bow Saw
22:59 Heavy Plow
24:14 Gold Mining
25:04 Stone Shaft Mining
27:09 Hand Cart
32:45 Imperial Age
34:30 Chemistry
33:51 Ballistics
34:52 Two-Man Saw
34:30 Masonry
35:21 Caravan
35:47 Husbandry
37:39 Bombard Tower
37:27 Scale Barding Armor
37:23 Scale Mail Armor
37:24 Padded Archer Armor
37:14 Fletching
37:35 Forging
37:13 Cavalier
40:29 Chain Barding Armor
40:25 Chain Mail Armor
40:25 Leather Archer Armor
40:06 Bodkin Arrow
46:45 Plate Barding Armor
46:40 Plate Mail Armor
46:41 Ring Archer Armor
46:11 Bracer
46:47 Iron Casting
50:04 Coinage
49:45 Guilds
49:40 Arrowslits
51:16 Arson
51:32 Squires
50:52 Pikeman
51:39 Paladin
54:56 Conscription
54:57 Supremacy
54:07 Sappers
55:38 Banking
58:52 Pikeman
60:38 Blast Furnace
60:24 Halberdier
62:21 Bloodlines
61:32 Light Cavalry
Phenylalaninehydroxylase
0:38 Loom
13:39 Feudal Age
15:23 Double-Bit Axe
15:30 Gold Mining
15:40 Town Watch
17:17 Stone Mining
20:01 Wheelbarrow
19:05 Champi Runner
19:32 Arson
20:08 Forging
19:58 Scale Mail Armor
20:38 Horse Collar
22:32 Scale Mail Armor
28:37 Castle Age
29:28 Squires
28:54 Champi Warrior
29:36 Squires
30:25 Iron Casting
30:06 Chain Mail Armor
29:59 Heavy Plow
30:40 Bow Saw
31:56 Stone Shaft Mining
32:23 Gold Shaft Mining
35:42 Fortified Wall
35:44 Masonry
35:33 Murder Holes
37:34 Town Patrol
37:51 Hand Cart
41:59 Fletching
42:05 Heated Shot
42:19 Caravan
43:31 Bodkin Arrow
46:23 Imperial Age
47:05 Fabric Shields
46:26 Elite Kamayuk
47:43 Hoardings
47:28 Conscription
48:13 Blast Furnace
47:44 Plate Mail Armor
47:16 Bracer
47:43 Treadmill Crane
48:28 Sappers
50:40 Guilds
56:42 Coinage
56:46 Crop Rotation
63:18 Banking
69:50 Andean Sling
71:13 Spies/Treason
OnlyxOne
0:39 Loom
11:45 Feudal Age
12:25 Horse Collar
21:32 Castle Age
19:28 Stone Mining
19:30 Gold Mining
19:47 Double-Bit Axe
22:07 Wheelbarrow
21:45 Town Watch
22:59 Fletching
25:42 Heavy Plow
26:51 Squires
28:08 Thumb Ring
29:51 Hand Cart
29:57 Bow Saw
34:05 Imperial Age
32:25 Bodkin Arrow
32:44 Masonry
32:55 Ballistics
32:01 Pikeman
32:37 Elite Skirmisher
35:15 Conscription
34:40 Capped Ram
37:40 Chemistry
36:42 Padded Archer Armor
38:34 Gold Shaft Mining
39:12 Bracer
40:00 Siege Engineers
40:49 Parthian Tactics
40:24 Siege Ram
41:41 Drill
42:54 Leather Archer Armor
42:50 Forging
42:53 Fortified Wall
42:39 Murder Holes
43:38 Elite Mangudai
44:57 Scale Mail Armor
46:12 Chain Mail Armor
46:33 Iron Casting
47:30 Plate Mail Armor
53:43 Blast Furnace
53:16 Caravan
Connection lost

Rejoining the realm…

Still unreachable

The connection could not be restored.

Session expired

The server has moved on; the page needs a fresh start.